 Dungeon Crawl Stone Soup version 0.31.0-32-g396128a36d (webtiles) character file.

Game seed: 9425976452355076947

141968 Curundu the Slayer (level 16, -8/250 HPs)
             Began as a Minotaur Berserker on Mar 12, 2024.
             Was the Champion of Trog.
             Mangled by a +2 flail of protection (16 damage)
             ... on level 2 of the Elven Halls.
             The game lasted 01:36:48 (25272 turns).

Curundu the Slayer (Minotaur Berserker)            Turns: 25272, Time: 01:36:48

Health: -8/250     AC: 33    Str: 34    XL:     16   Next: 79%
Magic:  15/15      EV: 14    Int:  4    God:    Trog [******]
Gold:   693        SH: 18    Dex: 14    Spells: 15/15 levels left

rFire   . . .        K - +9 broad axe "Vetryu" {heavy, rCorr Dex+2}
rCold   . . .        V - +2 kite shield
rNeg    . . .        W - +1 plate armour {Will+}
rPois   .            s - +2 hat
rElec   .            A - +2 cloak {Will+}
rCorr   +            u - +0 pair of gloves
SInv    .            i - +3 pair of seven-league boots {Rampage+∞}
Will    +++++        e - amulet of reflection Stlth
                     C - +4 ring of protection
HPRegen 1.61/turn    H - +6 ring of strength
MPRegen 0.14/turn

%: reflection, rampage+∞
@: berserking, lethally poisoned (-8 -> -10), strong-willed, regenerating, very
quick
A: horns 2, retaliatory headbutt
a: Renounce Religion, Berserk, Trog's Hand, Brothers in Arms


You were on level 2 of the Elven Halls.
You worshipped Trog.
Trog was exalted by your worship.
You visited 4 branches of the dungeon, and saw 24 of its levels.
You also visited: Bailey and Gauntlet.

You collected 2588 gold pieces.
You spent 1895 gold pieces at shops.

Inventory:

Hand Weapons
 h - the +4 broad axe of Locus Delicti {freeze, rPois rC- rCorr Int+4}
   (You bought it in a shop on level 11 of the Dungeon)

   Int+4:     It affects your intelligence (+4).
   rC-:       It makes you vulnerable to cold.
   rPois:     It protects you from poison rCorr: It protects you from acid and
   corrosion.
 y - a +7 hand axe of flaming
 K - the +9 broad axe "Vetryu" (weapon) {heavy, rCorr Dex+2}
   (Trog gifted it to you on level 4 of the Lair of Beasts)

   Dex+2:     It affects your dexterity (+2).
   rCorr:     It protects you from acid and corrosion.
Missiles
 B - 6 boomerangs (quivered)
 M - 7 javelins
Armour
 i - the +3 pair of seven-league boots (worn) {Rampage+∞}
   (You found it in a bailey)

   Rampage+∞: When moving toward enemies, its wearer moves as far as possible,
   alerting their target en route.
 s - a +2 hat (worn)
 u - a +0 pair of gloves (worn)
 A - a +2 cloak of willpower (worn)
 L - the +0 pair of gloves of Fedhas's Fury {rElec Int-4 Dex+4}
   (You found it in a Gauntlet)

   Int-4:     It affects your intelligence (-4).
   Dex+4:     It affects your dexterity (+4).
   rElec:     It insulates you from electricity.
 V - a +2 kite shield (worn)
 W - a +1 plate armour of willpower (worn)
Jewellery
 e - an amulet of reflection (around neck)
 k - a ring of positive energy
 q - a ring of poison resistance
 z - a ring of flight
 C - a +4 ring of protection (left hand)
 H - a +6 ring of strength (right hand)
 J - a +4 ring of protection
 S - an amulet of magic regeneration
Wands
 b - a wand of flame (43)
 n - a wand of paralysis (35)
 v - a wand of roots (7)
 G - a wand of mindburst (22)
 I - a wand of digging (8)
 O - a wand of polymorph (9)
Scrolls
 d - a scroll of torment
 f - 5 scrolls of teleportation
 j - 2 scrolls of fog
 o - 5 scrolls of identify
 p - 3 scrolls of fear
 D - 2 scrolls of revelation
 E - 2 scrolls of blinking
 N - 2 scrolls of vulnerability
 T - a scroll of immolation
Potions
 a - 2 potions of berserk rage
 c - 4 potions of resistance
 g - 15 potions of curing
 l - 10 potions of heal wounds
 m - 8 potions of haste
 r - 2 potions of mutation
 t - 6 potions of invisibility
 w - a potion of lignification
 x - 2 potions of might
 F - 4 potions of enlightenment
Miscellaneous
 P - a box of beasts
 Q - a lightning rod (4/4)
 R - a tin of tremorstones (2/2)


   Skills:
 * Level 21.1 Fighting
 + Level 19.6 Axes
 + Level 1.2 Throwing
 + Level 14.3 Armour
 * Level 14.1 Dodging
 + Level 1.5 Stealth
 + Level 10.1 Shields


You had 15 spell levels left.
You didn't know any spells.
Your spell library was empty.

Dungeon Overview and Level Annotations

Branches:
Dungeon (15/15)            Temple (0/1) D:6            Lair (5/5) D:9
  Swamp (0/4) Lair:2       Spider (0/4) Lair:3        Slime (0/5) Lair:5
    Orc (2/2) D:11            Elf (2/3) Orc:2        Vaults (0/5) D:14
 Depths (0/4) D:15         Bailey (visited)         Gauntlet (visited)

Altars:
Cheibriados
Hepliaklqana
Makhleb
Nemelex Xobeh
Okawaru
Ru
Trog
Vehumet
Wu Jian
Xom
Yredelemnul
Zin
Jiyva
Lugonu

Shops:
D:7 :*   D:8 [   D:11 (   D:12 ?   D:13 ([*   D:14 :   Orc:1 *   Orc:2 ((!
Elf:1 [   Elf:2 *

Portals:
Abyss: Lair:5

Annotations:
D:8 4 transporters
D:13 exclusion: obsidian statue


Innate Abilities, Weirdness & Mutations

You have a pair of horns on your head.
You reflexively headbutt those who attack you in melee.


Message History

The deep elf knight gestures at you while chanting.
The shard of ice misses you.
A red film seems to cover your vision as you go berserk!
You feel yourself moving faster!
You feel mighty!
You feel very sick.
The deep elf blademaster hits you but does no damage. x2
The deep elf knight hits you but does no damage.
The +3 heavy war axe closely misses you.
You barely miss the deep elf blademaster.
Your headbutt misses the deep elf blademaster.
The deep elf blademaster is almost dead.
You completely miss the +3 heavy war axe.
You miss the deep elf knight.
You feel very sick. The deep elf blademaster misses you.
You block the deep elf blademaster's attack.
The deep elf knight casts a spell.
The deep elf knight flickers and vanishes!
Deactivating autopickup; reactivate with Ctrl-A.
You block the +2 flail of protection's attack.
You slice the deep elf blademaster!!
You feel the power of Trog in you as your rage grows.
You kill the deep elf blademaster!
Trog accepts your kill.
You open the +3 heavy war axe like a pillowcase!!!
You feel the power of Trog in you as your rage grows.
The +3 heavy war axe falls from the air.
Trog accepts your kill.
You carve something like a ham!!!
You closely miss the +2 flail of protection.
You slice the +2 heavy eveningstar!!
You feel sick.
You block the +2 heavy eveningstar's attack.
Something hits you but does no damage.
The deep elf zephyrmancer mumbles some strange words.
The deep elf zephyrmancer blinks!
You block the +2 flail of protection's attack.
You feel sick. Something hits you!
* * * LOW HITPOINT WARNING * * *
The +2 flail of protection hits you!
You die...

..###..........
...#...........
...............
...............
...............
..........#
.......))##
....e.())##
......(@{.#
...........§...
...............
...............
...##...e......
..# ###.......#
.# ##.....##
......


You could see 2 deep elf zephyrmancers and 2 dancing weapons.

Vanquished Creatures
  Saint Roka (Orc:2)
  Jorgrun (D:15)
  Rupert (D:12)
  A deep elf blademaster (Elf:2)
  Roxanne (Elf:1)
  An orc warlord (Orc:1)
  A minotaur (Gauntlet)
  Azrael (D:11)
  A deep elf death mage (Elf:1)
  Snorg (Lair:4)
  The ghost of spaghetti the Grappler, a journeyman NaSu of Kikubaaqudgha (Orc:1)
  The ghost of DiddlyDoom the Spear-Bearer, a journeyman MfFi of Gozag (Lair:2)
  Josephine (D:12)
  2 vault guards (D:14)
  A hydra (D:13)
  2 death knights (D:15)
  A catoblepas (Lair:5)
  5 centaur warriors
  5 ogre magi
  18 two-headed ogres
  4 boulder beetles
  A tengu warrior (D:15)
  8 dancing weapons
  A deep troll earth mage (D:15)
  4 death yaks (D:9)
  4 thrashing horrors (Lair:5)
  3 deep elf knights (Elf:1)
  2 skysharks
  A sixfirhy (D:8)
  2 deep trolls (Orc:2)
  4 arcanists
  6 large abominations
  3 skeletal warriors (D:15)
  2 bog bodies (Lair:2)
  A deep elf archer (Elf:1)
  14 slime creatures
  10 deep elf pyromancers
  3 orc knights (Orc:1)
  A phantasmal warrior (D:15)
  3 deep elf zephyrmancers
  4 orc sorcerers
  23 ugly things
  Maurice (Orc:1)
  A salamander (shapeshifter) (Lair:5)
  2 moths of wrath (Lair:2)
  10 cyclopes
  2 manticores
  23 elephants
  Joseph (D:7)
  A meliai (shapeshifter) (Lair:5)
  9 cane toads
  2 black mambas
  3 gargoyles
  2 torpor snails
  2 smoke demons (Lair:5)
  2 unseen horrors
  4 rime drakes
  8 komodo dragons
  A yaktaur (D:15)
  A yaktaur (shapeshifter) (Lair:5)
  3 tengu conjurers
  2 polar bears
  10 trolls
  13 hornets
  Prince Ribbit (D:7)
  13 blink frogs
  A tarantella (shapeshifter) (Lair:5)
  A raiju (Lair:5)
  11 dream sheep (Lair:5)
  An air elemental (Elf:1)
  17 spriggans
  2 culicivoras (Lair:3)
  4 wyverns
  2 water elementals (Elf:2)
  2 shadows (D:11)
  A ynoxinul (Lair:5)
  3 vampires
  5 basilisks (Lair:5)
  A human (D:14)
  A fire bat (D:5)
  36 yaks
  7 wraiths (D:12)
  3 steam dragons
  4 wargs
  A chaos spawn (Lair:5)
  6 fire elementals
  10 vampire mosquitoes
  10 small abominations (Lair:5)
  5 acid dragons
  4 hell hounds
  8 water moccasins
  A sky beast (D:8)
  An ice beast (shapeshifter) (Lair:5)
  4 black bears
  19 orc warriors
  A laughing skull (D:15)
  27 ogres
  11 wolves
  7 boggarts
  2 phantoms
  14 centaurs
  11 bullfrogs
  A gnoll sergeant (D:9)
  3 scorpions
  2 earth elementals (Elf:1)
  12 wights
  13 killer bees
  8 vampire bats (Bailey)
  2 howler monkeys
  4 wolf zombies (Bailey)
  A bombardier beetle (D:3)
  2 crimson imps
  8 jellies
  Crazy Yiuf (D:5)
  4 hounds
  16 orc priests
  A gnoll bouda (D:10)
  2 sleepcaps
  4 iguanas
  13 orc wizards
  11 gnolls
  4 adders
  4 shadow imps
  7 white imps
  6 ufetubi
  A dart slug (D:2)
  3 ribbon worms
  77 orcs
  4 ball pythons
  4 bats (D:1)
  8 endoplasms
  2 giant cockroaches
  13 goblins
  6 hobgoblins
  11 jackals
  3 quokkas
  4 frilled lizards
  3 kobolds
  18 orc zombies (Bailey)
  7 rats
805 creatures vanquished.

Vanquished Creatures (collateral kills)
  An orc priest (Orc:1)
  An orc (Orc:1)
2 creatures vanquished.

Vanquished Creatures (others)
  A dancing weapon (Elf:2)
  Sonja (Lair:4)
  An orc wizard (D:5)
3 creatures vanquished.

Grand Total: 810 creatures vanquished

Notes
Turn   | Place    | Note
-------+----------+-------------------------------------------
     0 | D:1      | Curundu the Minotaur Berserker began the quest for the Orb.
     0 | D:1      | Reached XP level 1. HP: 19/19 MP: 0/0
   377 | D:1      | Reached XP level 2. HP: 27/27 MP: 1/1
   380 | D:1      | Reached skill level 4 in Fighting
   889 | D:2      | Reached XP level 3. HP: 33/33 MP: 2/2
  1058 | D:2      | Reached ** piety under Trog
  1067 | D:2      | Found a basalt altar of Yredelemnul.
  1102 | D:2      | Found a faded altar of an unknown god.
  1285 | D:2      | Reached XP level 4. HP: 41/41 MP: 3/3
  1399 | D:2      | Reached skill level 5 in Axes
  2064 | D:3      | Reached XP level 5. HP: 47/47 MP: 4/4
  2282 | D:3      | Reached skill level 1 in Shields
  2554 | D:4      | Noticed a steam dragon
  2562 | D:4      | Killed a steam dragon
  2563 | D:4      | Reached XP level 6. HP: 55/55 MP: 5/5
  2664 | D:4      | Reached skill level 5 in Fighting
  2802 | D:4      | Reached *** piety under Trog
  3016 | D:5      | Entered Level 5 of the Dungeon
  3061 | D:5      | Found a transporter.
  3107 | D:5      | Found a runed translucent door.
  3108 | D:5      | Noticed Crazy Yiuf
  3116 | D:5      | Killed Crazy Yiuf
  3207 | D:5      | Reached XP level 7. HP: 44/61 MP: 6/6
  3521 | D:5      | Reached skill level 5 in Armour
  3900 | D:5      | Found a snail-covered altar of Cheibriados.
  4006 | D:5      | Found a transporter.
  4008 | D:5      | Noticed a fire bat
  4368 | D:5      | Killed a fire bat
  4369 | D:5      | Reached skill level 6 in Fighting
  4369 | D:5      | Reached XP level 8. HP: 70/70 MP: 7/7
  4628 | D:6      | Found an iron altar of Okawaru.
  4677 | D:6      | Found a sacrificial altar of Ru.
  4687 | D:6      | Reached skill level 5 in Dodging
  4754 | D:6      | Reached skill level 1 in Throwing
  4964 | D:6      | Reached skill level 7 in Fighting
  5033 | D:6      | Found a staircase to the Ecumenical Temple.
  5320 | D:7      | Reached XP level 9. HP: 69/79 MP: 8/8
  5472 | D:7      | Found Deyvvet's Tiny Tomes.
  5499 | D:7      | Noticed Joseph
  5504 | D:7      | Noticed Prince Ribbit
  5514 | D:7      | Killed Joseph
  5515 | D:7      | Reached skill level 10 in Axes
  5518 | D:7      | Killed Prince Ribbit
  5519 | D:7      | Reached skill level 8 in Fighting
  5795 | D:7      | Found Gearoups's Specific Store.
  5796 | D:7      | Found Lymn's General Store.
  6193 | D:8      | Found a transporter.
  6212 | D:8      | Found a transporter.
  6215 | D:8      | Found a transporter.
  6216 | D:8      | Found a transporter.
  6305 | D:8      | Found Huerourph's Antique Armour Emporium.
  6318 | D:8      | Found a sparkling altar of Nemelex Xobeh.
  6375 | D:8      | Reached **** piety under Trog
  6503 | D:8      | Reached XP level 10. HP: 84/90 MP: 9/9
  6559 | D:8      | Found a runed translucent door.
  6559 | D:8      | Noticed a sixfirhy
  6577 | D:8      | Reached skill level 9 in Fighting
  6738 | D:8      | Killed a sixfirhy
  7311 | D:9      | Found a flagged portal.
  7321 | Bailey   | Entered a bailey
  7413 | Bailey   | Noticed a gargoyle
  7428 | Bailey   | Killed a gargoyle
  7886 | Bailey   | Identified the +0 scale mail "Otiwkoh" {^Contam Int+2
                  | Dex+4}
  7912 | Bailey   | Reached skill level 10 in Fighting
  7917 | Bailey   | Found the +3 pair of seven-league boots {Rampage+∞}
  8100 | D:9      | Found a staircase to the Lair.
  8100 | D:9      | Noticed a death yak
  8100 | D:9      | Noticed a death yak
  8100 | D:9      | Noticed a death yak
  8103 | D:9      | Noticed a death yak
  8118 | D:9      | Killed a death yak
  8123 | D:9      | Killed a death yak
  8125 | D:9      | Killed a death yak
  8125 | D:9      | Killed a death yak
  8126 | D:9      | Reached XP level 11. HP: 14/101 MP: 10/10
  8556 | D:9      | Found a radiant altar of Vehumet.
  8557 | D:9      | Found a burning altar of Makhleb.
  8592 | D:9      | Reached skill level 11 in Fighting
  9155 | D:10     | Entered Level 10 of the Dungeon
  9294 | D:10     | Found an ornate altar of the Wu Jian Council.
  9294 | D:10     | Noticed a two-headed ogre
  9301 | D:10     | Killed a two-headed ogre
  9308 | D:10     | Paralysed by a hornet for 1 turns
  9527 | D:10     | Reached ***** piety under Trog
  9633 | D:10     | Reached skill level 10 in Armour
  9678 | D:10     | Found a hazy altar of Hepliaklqana.
  9679 | D:10     | Found a shimmering altar of Xom.
  9873 | D:10     | Noticed an arcanist
  9880 | D:10     | Killed an arcanist
  9881 | D:10     | Reached skill level 12 in Fighting
 10141 | D:11     | Reached skill level 5 in Shields
 10224 | D:11     | Found a staircase to the Orcish Mines.
 10245 | D:11     | Noticed a two-headed ogre
 10254 | D:11     | Killed a two-headed ogre
 10286 | D:11     | Noticed a boulder beetle
 10301 | D:11     | Killed a boulder beetle
 10302 | D:11     | Reached XP level 12. HP: 113/113 MP: 11/11
 10520 | D:11     | Noticed a boulder beetle
 10551 | D:11     | Killed a boulder beetle
 10717 | D:11     | Found Woaramak's Antique Weapon Emporium.
 10723 | D:11     | Bought a shimmering broad axe for 252 gold pieces
 10723 | D:11     | Identified the +4 broad axe of Locus Delicti {freeze, rPois
                  | rC- rCorr Int+4} (You bought it in a shop on level 11 of
                  | the Dungeon)
 10925 | D:12     | Noticed Azrael
 11074 | D:11     | Killed Azrael
 11075 | D:11     | Reached skill level 13 in Fighting
 11715 | D:12     | Noticed Rupert
 11730 | D:12     | Killed Rupert
 12024 | D:12     | Found Yguocest's Magic Scroll Boutique.
 12028 | D:12     | Bought a scroll of enchant armour for 127 gold pieces
 12139 | D:12     | Reached skill level 10 in Dodging
 12289 | D:12     | Noticed Josephine
 12290 | D:12     | Reached skill level 15 in Axes
 12301 | D:12     | Killed Josephine
 12302 | D:12     | Reached skill level 14 in Fighting
 12452 | D:13     | Noticed a centaur warrior
 12460 | D:13     | Killed a centaur warrior
 12579 | D:13     | Noticed a centaur warrior
 12584 | D:13     | Killed a centaur warrior
 12585 | D:13     | Reached XP level 13. HP: 113/124 MP: 12/12
 13476 | D:13     | Found Fyos's Antique Weapon Boutique.
 13478 | D:13     | Found Wuseav's Antique Armour Boutique.
 13480 | D:13     | Found Dofour Raob's General Store.
 13719 | D:14     | Noticed an ironbound thunderhulk
 13720 | D:14     | Reached skill level 15 in Fighting
 14115 | D:14     | Reached skill level 1 in Stealth
 14512 | D:14     | Found Xigeugutt's Tremendous Tomes.
 14839 | D:14     | Found a gate to the Vaults.
 14952 | D:15     | Entered Level 15 of the Dungeon
 15273 | D:15     | Reached skill level 16 in Fighting
 15273 | D:15     | Reached XP level 14. HP: 137/137 MP: 13/13
 15965 | D:15     | Found a staircase to the Depths.
 15989 | D:15     | Reached skill level 17 in Fighting
 16334 | D:15     | Noticed Jorgrun
 16345 | D:15     | Killed Jorgrun
 16663 | D:7      | Bought a potion of heal wounds for 75 gold pieces
 16805 | Lair:1   | Entered Level 1 of the Lair of Beasts
 17002 | Lair:1   | Found a glowing silver altar of Zin.
 17600 | Lair:2   | Found a staircase to the Swamp.
 17729 | Lair:2   | Found a transporter.
 17733 | Lair:2   | Found a transporter.
 17734 | Lair:2   | Found a bloodstained altar of Trog.
 17734 | Lair:2   | Noticed DiddlyDoom's ghost (journeyman MfFi)
 18425 | Lair:2   | Killed DiddlyDoom's ghost
 18824 | Lair:3   | Found a hole to the Spider Nest.
 18860 | Lair:3   | Reached XP level 15. HP: 149/149 MP: 14/14
 19369 | Lair:4   | Found a gate leading to a gauntlet.
 19453 | Gauntlet | Entered a Gauntlet
 19453 | Gauntlet | Found a transporter.
 19453 | Gauntlet | Found a transporter.
 19454 | Gauntlet | Found a transporter.
 19454 | Gauntlet | Found a transporter.
 19457 | Gauntlet | Found a transporter.
 19458 | Gauntlet | Found a transporter.
 19514 | Gauntlet | Reached skill level 18 in Fighting
 19519 | Gauntlet | Found a transporter.
 19522 | Gauntlet | Found a transporter.
 19536 | Gauntlet | Found a transporter.
 19572 | Gauntlet | Found a transporter.
 19580 | Gauntlet | Identified the +0 pair of gloves of Fedhas's Fury {rElec
                  | Int-4 Dex+4}
 19672 | Gauntlet | Identified the +7 rapier of Qela {vamp, Int+6 Dex+4}
 19795 | Lair:4   | Noticed Snorg
 19809 | Lair:4   | Killed Snorg
 19882 | Lair:4   | Noticed Sonja
 19899 | Lair:4   | Killed Sonja
 20350 | Lair:4   | Identified the +9 broad axe "Vetryu" {heavy, rCorr Dex+2}
                  | (Trog gifted it to you on level 4 of the Lair of Beasts)
 20350 | Lair:4   | Received a gift from Trog
 20745 | Lair:5   | Entered Level 5 of the Lair of Beasts
 20955 | Lair:5   | Found a staircase to the Slime Pits.
 20955 | Lair:5   | Found a viscous altar of Jiyva.
 21007 | Lair:5   | Reached skill level 19 in Fighting
 21380 | Lair:5   | Identified the +0 trident "Juxufurgh" {flame, Stlth+}
 21474 | Lair:5   | Received a gift from Trog
 21511 | Lair:5   | Found a corrupted altar of Lugonu.
 21511 | Lair:5   | Found a one-way gate to the infinite horrors of the Abyss.
 22395 | Orc:1    | Entered Level 1 of the Orcish Mines
 22477 | Orc:1    | You fall into a shaft and drop 1 floor!
 22477 | Orc:2    | Entered Level 2 of the Orcish Mines
 22651 | Orc:1    | Noticed Maurice
 22657 | Orc:1    | Something stole an amulet of magic regeneration
 22658 | Orc:1    | Killed Maurice
 22716 | Orc:1    | Found Exeyjy Tuant's Assorted Antiques.
 22722 | Orc:1    | Found a runed translucent gate.
 22722 | Orc:1    | Noticed spaghetti's ghost (journeyman NaSu)
 22778 | Orc:1    | Found a runed translucent gate.
 22779 | Orc:1    | Found a runed translucent gate.
 22784 | Orc:1    | Bought a wand of paralysis (4) for 297 gold pieces
 22976 | Orc:1    | Reached XP level 16. HP: 116/162 MP: 15/15
 23277 | Orc:1    | Killed spaghetti's ghost
 23419 | Orc:2    | Noticed Saint Roka
 23432 | Orc:2    | Killed Saint Roka
 23434 | Orc:2    | Reached skill level 20 in Fighting
 23764 | Orc:2    | Found Weh Puxt's Weapon Boutique.
 23785 | Orc:2    | Received a gift from Trog
 23804 | Orc:2    | Found Dusuuc's Assorted Antiques.
 23805 | Orc:2    | Found Nelaecs's Antique Weapon Shop.
 23806 | Orc:2    | Found Heahupro's Distillery.
 23827 | Orc:2    | Bought a potion of heal wounds for 80 gold pieces
 23986 | Orc:2    | Found a staircase to the Elven Halls.
 24000 | Orc:2    | Reached ****** piety under Trog
 24234 | Elf:1    | Entered Level 1 of the Elven Halls
 24649 | Elf:1    | Found Virig's Antique Armour Emporium.
 24657 | Elf:1    | Bought an encrusted plate armour for 1064 gold pieces
 24657 | Elf:1    | Identified the +0 plate armour of the Stonemason {Rampage
                  | rC+ Int-5 Dex+2} (You bought it in a shop on level 1 of the
                  | Elven Halls)
 24668 | Elf:1    | Noticed Roxanne
 24676 | Elf:1    | Killed Roxanne
 25216 | Elf:2    | Reached skill level 21 in Fighting
 25255 | Elf:2    | Found Pongug's Assorted Antiques.
 25261 | Elf:2    | Noticed a Hell Sentinel
 25262 | Elf:2    | Noticed a deep elf blademaster
 25267 | Elf:2    | Reached skill level 10 in Shields
 25268 | Elf:2    | Received a gift from Trog
 25271 | Elf:2    | Killed a deep elf blademaster
 25272 | Elf:2    | HP: 8/250 [something (10)]
 25272 | Elf:2    | Mangled by a +2 flail of protection

Illustrated notes

Levels and vault maps discovered:
D:1:      roderic_crossed_star, layout_basic
D:2:      layout_basic, dreamdust_ecumenical_altar_grove, basic_altar,
          lightli_corner_chamber
D:3:      layout_rooms, nicolae_the_louvre
D:4:      layout_basic, hex_tiny, st_stairs_12, hangedman_decor_diamond_cutter
D:5:      gammafunk_cloud_chamber, layout_basic, old_standard_altar,
          uniq_crazy_yiuf_cottage
D:6:      layout_loops_ring, kennysheep_okawaru_gauntlet,
          nicolae_ru_awakened_eye, minmay_temple_entry_statues
D:7:      layout_cave_pools, nicolae_specific_store,
          nicolae_shop_i_like_small_books_too, uniq_joseph, uniq_prince_ribbit1
D:8:      cheibrodos_shockbox, layout_loops_ring,
          nemelex_xobeh_ov_fountains_minmay, serial_shops, kennysheep_mini,
          nicolae_diode_quadrants
D:9:      layout_roguey, grunt_temple_overflow_lords_of_destruction,
          dpeg_lair_monsters, serial_glass, glass_columns_a, glass_columns_a,
          enter_bailey_5
D:10:     layout_rooms, regret_index_temple_of_mockery,
          mainiacjoe_overflow_boulevard, lightli_wizard_tower
D:11:     layout_loops_cross, orc_0_dummy, serial_shops,
          nicolae_shop_pleasant_corner_grove
D:12:     layout_roguey, serial_shops, nicolae_shop_back_alley_shop,
          st_stairs_2, uniq_azrael, uniq_rupert, uniq_josephine
D:13:     layout_irregular_city, nicolae_shop_distant_corner_stores,
          hangedman_decor_riveting, minivault_16
D:14:     layout_long_grid, hellmonk_vaults_keyhole, grunt_ministairs_2,
          minmay_variable_closet, minmay_strange_pillars,
          nicolae_shop_i_like_big_books
D:15:     hellmonk_depths_entry_around_the_bend, layout_basic, chequers_jeans,
          uniq_jorgrun
Lair:1:   layout_regular_city, basic_altar, grunt_megastairs_5
Lair:2:   layout_regular_city, skrybe_swamp_entry_bodies,
          gammafunk_ghost_wrathful_warriors, serial_bayou_shore_b,
          grunt_megastairs_4
Lair:3:   layout_misc_corridors, spider_nest_entry_rubble,
          kilobyte_rumbling_trees
Lair:4:   kb_forest_paths, layout_regular_city, gauntlet_entry_generic,
          minivault_25, uniq_sonja, uniq_snorg
Lair:5:   hellmonk_lair_end_abyssal_woods, layout_cave_pods,
          nicolae_slime_entry_field_trip, lemuel_old_faithful
Orc:1:    hellmonk_paralyzer, layout_diamond_mine, biasface_ghost_orc_armoury,
          serial_shops, shop_fountains, uniq_maurice
Orc:2:    st_orc_open, layout_caves, uniq_saint_roka
Elf:1:    elf_arrival_001, layout_onion_city, serial_shops, shop,
          minmay_elf_necromancy, uniq_roxanne
Elf:2:    elven_hall_of_blades_hangedman_original [mumra_blade_entry_dagger],
          layout_loops_ring, serial_shops, nicolae_shop_advertising_works
          [nicolae_subvault_shop_adworks], nicolae_shop_vocational,
          uniq_asterion

Skill      XL: |  1  2  3  4  5  6  7  8  9 10 11 12 13 14 15 16 |
---------------+-------------------------------------------------+-----
Axes           | 4 5 6 7 8 9 11 12 13 15 16 18 19 | 19.6
Fighting       | 4 5 6 7 8 10 12 14 16 17 19 21 | 21.1
Armour         | 3 4 5 6 7 9 10 11 12 13 14 | 14.3
Shields        | 1 2 3 4 5 6 7 8 10 | 10.1
Dodging        | 3 4 5 6 7 9 10 11 12 13 14 | 14.1
Throwing       | 1 |  1.2
Stealth        | 1 |  1.5

Action                     |  1- 3 |  4- 6 |  7- 9 | 10-12 | 13-15 | 16-18 || total
---------------------------+-------+-------+-------+-------+-------+-------++-------
  Melee: Hand axe          |    94 |   121 |   197 |   365 |     6 |       ||   783
         Punch             |     1 |       |     3 |     9 |     7 |       ||    20
         Headbutt          |    12 |    16 |    28 |   114 |   208 |    33 ||   411
         Broad axe         |       |       |       |   143 |   874 |   150 ||  1167
  Throw: Javelin           |       |       |     8 |       |       |       ||     8
 Invoke: Berserk           |       |     2 |     1 |     7 |     5 |     1 ||    16
         Trog's Hand       |       |     2 |     5 |    12 |    16 |     4 ||    39
         Brothers in Arms  |       |       |       |       |       |     1 ||     1
    Use: Scroll            |       |       |    19 |     6 |     4 |     2 ||    31
 Armour: Plate armour      |    68 |    87 |   179 |   400 |   511 |    87 ||  1332
  Dodge: Dodged            |    37 |    30 |    76 |   173 |   280 |    58 ||   654
  Block: Other             |    17 |    32 |    49 |    80 |    49 |       ||   227
         Reflection        |       |     1 |     2 |     7 |    15 |     7 ||    32
         Buckler           |       |       |       |       |   230 |    15 ||   245
         Kite shield       |       |       |       |       |       |   106 ||   106
